 Dungeon Crawl Stone Soup version 0.27-a0-541-g8b806e2 (webtiles) character file.

Game seed: 6184728934600672092

608840 BobRoberts the Axe Maniac (level 26, -7/265 (266) HPs)
             Began as a Minotaur Berserker on Mar 6, 2021.
             Was the Champion of Trog.
             Mangled by a storm dragon (12 damage)
             ... on level 4 of the Realm of Zot.
             The game lasted 03:12:20 (61259 turns).

BobRoberts the Axe Maniac (Minotaur Berserker)     Turns: 61259, Time: 03:12:21

HP:   -7/265 (266)  AC: 36    Str: 35    XL:     26   Next: 70%
MP:   12/13         EV: 25    Int:  2    God:    Trog [******]
Gold: 6028          SH:  0    Dex: 20    Spells: 25/25 levels left

rFire    + . .     SeeInvis +   Y - +5 executioner's axe of Doenadura {flame, +Blink MP-9 Str+4 Dex+3}
rCold    . . .     Faith    .   (shield currently unavailable)
rNeg     + + .     Spirit   .   h - +10 plate armour {rPois}
rPois    +         Reflect  .   j - +0 mask of the Dragon {Will+ Slay+3 SInv}
rElec    +         Harm     .   I - scarf {repulsion}
rCorr    .         Rampage  .   c - +2 pair of gloves
Will     +++++                  m - +2 pair of boots of Tartarus {rN+}
Stlth    ..........             G - amulet of Jotasaef {Acrobat rElec}
HPRegen  1.54/turn              e - ring "Kuakul" {rN+ Str+2 Dex+2}
MPRegen  0.13/turn              Z - ring "Fuschug Yfyxt" {rF+ Will+ SInv}

@: about to teleport, corroded, regenerating, studying 2 skills, lightly
drained, repel missiles
A: horns 2, talons 1, blurry vision 1, clumsy 1, dopey 1, strong 1, wild magic
1, evolution 1, retaliatory headbutt
}: 3/15 runes: serpentine, barnacled, silver
a: Renounce Religion, Evoke Blink, Berserk, Trog's Hand, Brothers in Arms


You were on level 4 of the Realm of Zot.
You worshipped Trog.
Trog was exalted by your worship.
You visited 9 branches of the dungeon, and saw 48 of its levels.
You visited the Abyss 1 time.
You also visited: Sewer, Bailey, Gauntlet and Volcano.

You collected 7855 gold pieces.
You spent 1827 gold pieces at shops.

Inventory:

Hand Weapons
 N - the +7 hand axe "Voezeum" {antimagic, Will++}
   (You took it off a tengu reaver on level 5 of the Vaults)

   It reduces the magical energy of the wielder, and disrupts the spells and
   magical abilities of those hit.
   Natural abilities and divine invocations are not affected.
   It affects your willpower, your defense against some magical effects.
 Y - the +5 executioner's axe of Doenadura (weapon) {flame, +Blink MP-9 Str+4 Dex+3}
   (Trog gifted it to you on level 12 of the Dungeon)

   It has been specially enchanted to burn those struck by it, causing extra
   injury to most foes and up to half again as much damage against particularly
   susceptible opponents.
   Big, fiery blades are also staple armaments of hydra-hunters.
   It affects your strength (+4).
   It affects your dexterity (+3).
   It affects your magic capacity (-9).
   It lets you blink.
Armour
 a - a +1 pair of boots of flying
   (You bought it in a shop on level 1 of the Vaults)
 c - a +2 pair of gloves (worn)
   (You found it on level 1 of the Dungeon)
 h - a +10 plate armour of poison resistance (worn)
   (You took it off a minotaur in a Gauntlet)
 j - the +0 mask of the Dragon (worn) {Will+ Slay+3 SInv}
   (You bought it in a shop on level 1 of the Vaults)

   It affects your accuracy and damage with ranged weapons and melee attacks
   (+3).
   It affects your willpower, your defense against some magical effects.
   It lets you see invisible.
 m - the +2 pair of boots of Tartarus (worn) {rN+}
   (You found it on level 5 of the Vaults)

   It protects you from negative energy.
 n - a +1 crystal plate armour
   (You acquired it on level 2 of the Realm of Zot)
 I - a scarf of repulsion (worn)
   (You found it on level 10 of the Dungeon)
Jewellery
 e - the ring "Kuakul" (left hand) {rN+ Str+2 Dex+2}
   (You found it in a Gauntlet)

   [ring of positive energy]

   It affects your strength (+2).
   It affects your dexterity (+2).
   It protects you from negative energy.
 i - a ring of protection from fire
   (You found it on level 3 of the Shoals)
 o - a ring of protection from cold
   (You bought it in a shop on level 1 of the Snake Pit)
 z - a ring of see invisible
   (You found it on level 2 of the Vaults)
 G - the amulet of Jotasaef (around neck) {Acrobat rElec}
   (You acquired it on level 13 of the Dungeon)

   [amulet of the acrobat]

   It helps you evade while moving and waiting.
   It insulates you from electricity.
 O - a ring of poison resistance
   (You found it on level 9 of the Dungeon)
 Q - a ring of ice
   (You took it off Fannar on level 1 of the Lair of Beasts)
 V - the ring "Xukoam" {AC+4 Str+4 SInv}
   (You bought it in a shop on level 3 of the Snake Pit)

   [ring of protection]

   It affects your AC (+4).
   It affects your strength (+4).
   It lets you see invisible.
 Z - the ring "Fuschug Yfyxt" (right hand) {rF+ Will+ SInv}
   (You took it off a deep elf demonologist on level 3 of the Elven Halls)

   [ring of willpower]

   It protects you from fire.
   It affects your willpower, your defense against some magical effects.
   It lets you see invisible.
Wands
 r - a wand of mindburst (64)
   (You found it on level 5 of the Dungeon)
 t - a wand of flame (25)
   (You found it on level 2 of the Depths)
 u - a wand of paralysis (36)
   (You found it on level 4 of the Lair of Beasts)
 v - a wand of digging (10)
   (You found it on level 3 of the Dungeon)
 x - a wand of acid (71)
   (You found it on level 6 of the Lair of Beasts)
Scrolls
 b - 14 scrolls of enchant weapon
 f - a scroll of torment {!r}
 g - 2 scrolls of brand weapon
 l - 24 scrolls of teleportation {@r4}
 q - 12 scrolls of immolation {!r}
 s - 5 scrolls of summoning
 y - 5 scrolls of fog
 J - 6 scrolls of magic mapping
 M - 7 scrolls of blinking
 P - 32 scrolls of identify {@r1}
 S - 2 scrolls of vulnerability {!r}
 T - 3 scrolls of holy word
 U - 5 scrolls of silence
 X - 8 scrolls of fear
Potions
 d - 6 potions of cancellation
 k - 11 potions of mutation {!q}
 p - 12 potions of attraction {!q}
 w - a potion of berserk rage
 A - 7 potions of invisibility
 B - 8 potions of flight
 C - 10 potions of degeneration {!q}
 D - 7 potions of haste {@q3}
 E - 13 potions of heal wounds {@q2}
 F - 7 potions of brilliance
 H - 21 potions of curing {@q1}
 K - 4 potions of lignification {!q}
 L - 5 potions of ambrosia
 R - 10 potions of magic
 W - 14 potions of might


   Skills:
 O Level 27 Fighting
 O Level 27 Axes
 O Level 27 Armour
 + Level 25.4 Dodging


You had 25 spell levels left.
You didn't know any spells.
Your spell library was empty.

Dungeon Overview and Level Annotations

Branches:
Dungeon (15/15)            Temple (0/1) D:4            Lair (6/6) D:11
 Shoals (4/4) Lair:4        Snake (4/4) Lair:3        Slime (0/5) Lair:5
    Orc (2/2) D:10            Elf (3/3) Orc:2        Vaults (5/5) D:13
  Crypt (0/3) Vaults:2     Depths (5/5) D:15            Zot (4/5) Depths:5
  Sewer (visited)          Bailey (visited)         Volcano (visited)
Gauntlet (visited)

Altars:
Ashenzari
Cheibriados
Dithmenos
Elyvilon
Gozag
Kikubaaqudgha
Makhleb
Nemelex Xobeh
Okawaru
Qazlal
Ru
Sif Muna
Uskayaw
Vehumet
Wu Jian
Xom
Yredelemnul
Beogh

Shops:
D:7 :   D:9 *   Orc:1 [   Orc:2 [::[   Shoals:2 ==   Snake:1 *?   Snake:3 =::
Vaults:1 :[[[[

Portals:
Hell: Depths:1 Depths:2 Depths:3 Depths:4 Depths:5
Abyss: Elf:1 Depths:1 Depths:2 Depths:4
Pandemonium: Depths:1 Depths:2 Depths:3
Ziggurat: Depths:2

Annotations:
Lair:4 exclusion: 2 oklob plants
Elf:1 2 transporters, Wihamong's ghost, adept MfBe
Vaults:3 3 runed translucent doors, Plog's ghost, veteran BaGl; cpf86's ghost, adept DsWz
Vaults:4 4 runed translucent doors
Depths:3 3 runed translucent doors


Innate Abilities, Weirdness & Mutations

You have a pair of horns on your head.
You reflexively headbutt those who attack you in melee.
You have sharp toenails.
Scrolls take you a little longer to read.
You are clumsy. (Dex -2)
You are dopey. (Int -2)
Your muscles are strong. (Str +2)
Your spells are a little harder to cast, but a little more powerful.
You evolve.


Message History

As you read the scroll of teleportation {@r4}, it crumbles to dust.
You feel strangely unstable.
You feel the Orb delaying your translocation!
Unknown command.
The curse toe gestures.
You open the deathcap like a pillowcase!!!
You burn the deathcap!
You destroy the deathcap!
You slice the wandering mushroom!! You burn the wandering mushroom.
You slash the wandering mushroom! You burn the wandering mushroom.
You barely miss the shadow dragon. You slash the wandering mushroom!
You burn the wandering mushroom.
You hear a deafening roar! x2
The shadow dragon bites you but does no damage.
The shadow dragon claws you.
* * * LOW HITPOINT WARNING * * *
The shadow dragon misses you. The shadow dragon bites you.
* * * LOW HITPOINT WARNING * * *
You partially resist.
You feel drained.
The shadow dragon completely misses you.
The shadow dragon claws you but does no damage.
You feel much better. The storm dragon completely misses you.
The storm dragon claws you.
* * * LOW HITPOINT WARNING * * *
The storm dragon tramples you but does no damage.
The wandering mushroom completely misses you.
The wandering mushroom releases spores at you but does no damage.
The wandering mushroom misses you. You furiously retaliate!
You headbutt the wandering mushroom. The shadow dragon bites you!
* * * LOW HITPOINT WARNING * * *
The shadow dragon completely misses you.
The shadow dragon claws you but does no damage.
Your cyclops goes berserk!
The shadow dragon bites you but does no damage.
The shadow dragon misses you. The shadow dragon claws you!
* * * LOW HITPOINT WARNING * * *
The storm dragon barely misses you. x2; The storm dragon misses you.
The moth of wrath goads the storm dragon on!
The storm dragon goes berserk!
The moth of wrath goads the yellow draconian on!
The yellow draconian goes berserk!
The wandering mushroom releases spores at you but does no damage.
The wandering mushroom misses you. You furiously retaliate!
You headbutt the wandering mushroom, but do no damage.
The purple draconian scorcher misses you.
The shadow dragon bites you!
* * * LOW HITPOINT WARNING * * *
The shadow dragon claws you but does no damage. x2
The storm dragon bites you!
You die...

...........y.....
....................
.....*#............##
.....#...###........#
........#.#.........## .
.......).............#..
^....<...)...*y.........
........)).....qf.C.....
....##....†...dD@.......
.... #...f#f#.DfdD..##..
...#.......°○z.#yf..#
................dX..#
..#.............d.....
..#.............#......
......................
.............d.......


You could see an orb of fire, a shadow dragon (berserk), a tentacled
monstrosity, a golden dragon, a storm dragon (berserk, ally target), 2
draconians, a yellow draconian (berserk), a green draconian, a curse toe, a
purple draconian scorcher, 2 moths of wrath, 5 wandering mushrooms and a
friendly cyclops (summoned, berserk).

Vanquished Creatures
  2 dread liches
  An ancient lich (Vaults:5)
  Mennas (Vaults:3)
  The ghost of Rehihex the Wrestler, a master TrFi of Okawaru (Zot:2)
  Margery (Vaults:3)
  Vashnia (Snake:3)
  The ghost of Ruxouz the Hoplite, a veteran DgFi (Depths:5)
  8 caustic shrikes
  3 curse toes (Zot:2)
  A bone dragon (Abyss:4)
  2 golden dragons
  An electric golem (Zot:1)
  16 tentacled monstrosities
  The ghost of Ikhlepiha the Warrior, an adept TeCj of Vehumet (Vaults:4)
  Jorgrun (Shoals:2)
  2 deep elf blademasters (Elf:3)
  6 liches
  4 titans
  A deep elf master archer (Elf:3)
  5 death cobs
  2 tentacled starspawn
  3 quicksilver dragons
  Kirke (Shoals:4)
  Roxanne (Elf:3)
  4 sphinxes
  11 storm dragons
  13 tengu reavers
  3 shadow dragons
  Ilsuiw (Shoals:3)
  Donald (Vaults:3)
  10 fire giants
  2 draconian monks
  3 draconian knights
  10 nagarajas (Snake:4)
  11 deep elf sorcerers
  Louise (Elf:2)
  A ghost moth (Zot:3)
  6 frost giants
  2 draconian scorchers
  4 cacodemons (Depths:5)
  18 vault wardens
  2 balrugs
  2 draconian stormcallers
  A juggernaut zombie (Depths:2)
  2 spriggan defenders
  2 draconian shifters
  3 deep elf elementalists (Elf:3)
  5 war gargoyles
  7 ironheart preservers
  2 draconian annihilators
  7 vampire knights
  17 stone giants
  34 very ugly things
  3 black draconians
  Nessos (Lair:6)
  6 deep elf demonologists
  6 purple draconians
  A minotaur (Gauntlet)
  7 white draconians
  2 spark wasps
  10 deep elf annihilators
  5 green draconians
  5 yellow draconians
  4 entropy weavers
  An entropy weaver (shapeshifter) (Depths:5)
  A spark wasp (shapeshifter) (D:15)
  3 red draconians
  Snorg (Lair:5)
  Josephine (Snake:1)
  14 ettins
  9 merfolk javelineers
  7 merfolk impalers
  4 deep elf death magi
  A jiangshi (Depths:2)
  13 yaktaur captains
  10 great orbs of eyes
  7 deep elf high priests
  Fannar (Lair:1)
  10 fire dragons
  7 boulder beetles
  6 rakshasas
  14 ice dragons
  21 naga warriors
  29 vault guards
  9 hydras
  10 anacondas
  4 spriggan air magi
  3 merfolk avatars
  A catoblepas (Lair:5)
  A death knight (D:15)
  7 alligator snapping turtles
  6 centaur warriors
  15 ogre magi
  40 two-headed ogres
  8 tengu warriors
  An anaconda (shapeshifter) (Depths:5)
  23 dancing weapons
  7 deep troll shamans
  2 satyrs
  7 merfolk aquamancers
  5 death yaks (Lair:6)
  3 hell hogs (Abyss:3)
  A queen ant (Gauntlet)
  3 vampire magi
  6 spriggan berserkers
  15 deep troll earth magi
  3 thrashing horrors
  Urug (Lair:6)
  7 shock serpents
  19 deep elf knights
  A shock serpent (shapeshifter) (Depths:5)
  25 naga sharpshooters
  3 salamander mystics
  2 sun demons (Depths:3)
  10 hell knights
  20 sea snakes
  2 wretched stars
  4 skeletal warriors (D:15)
  3 shadow wraiths
  5 unseen horrors
  17 glowing orange brains
  10 naga ritualists
  18 deep trolls
  2 glowing orange brains (shapeshifter)
  2 flayed ghosts
  13 deep elf archers
  23 ironbrand convokers
  A kraken simulacrum (Shoals:4)
  22 harpies
  A phantasmal warrior (Vaults:5)
  A lindwurm (Lair:5)
  A tengu zombie (Vaults:3)
  18 orc knights
  4 wizards
  3 wolf spider zombies
  31 deep elf zephyrmancers
  6 wolf spiders
  5 mana vipers
  2 orb spiders (shapeshifter)
  18 deep elf pyromancers
  A wolf spider (shapeshifter) (Vaults:4)
  A mana viper (shapeshifter) (Depths:2)
  46 ugly things
  A salamander (shapeshifter) (Depths:2)
  4 orc sorcerers
  10 cyclopes
  8 necromancers
  10 manticores
  An oklob plant (Gauntlet)
  A moth of wrath (shapeshifter) (Vaults:2)
  11 salamanders
  7 fauns
  5 elephants (Lair:2)
  7 water nymphs
  A sphinx skeleton (Vaults:3)
  3 centaur zombies
  11 moths of wrath
  2 molten gargoyles (Volcano)
  12 merfolk sirens
  24 naga magi
  13 vault sentinels
  A smoke demon (Abyss:4)
  2 torpor snails
  34 black mambas
  Maurice (Orc:2)
  4 guardian serpents
  An apocalypse crab (Abyss:3)
  24 cane toads
  2 yaktaurs (shapeshifter)
  An efreet (D:10)
  A cane toad (shapeshifter) (Depths:5)
  A gargoyle (D:13)
  5 kobold demonologists
  39 yaktaurs
  A rime drake (shapeshifter) (D:15)
  3 rime drakes
  11 freezing wraiths
  2 komodo dragons (shapeshifter) (D:15)
  13 komodo dragons
  An ancient zyme (Abyss:4)
  4 hellwings (Depths:5)
  A polar bear (Lair:5)
  A red devil (Depths:5)
  3 trolls
  4 wind drakes
  A troll (shapeshifter) (Vaults:3)
  A jumping spider (shapeshifter) (Vaults:3)
  A queen bee (shapeshifter) (Depths:5)
  33 merfolk
  3 polar bears (shapeshifter)
  A meliai (shapeshifter) (Depths:5)
  10 hornets
  A sphinx simulacrum (Vaults:2)
  5 tyrant leeches (Lair:6)
  3 raiju (Abyss:3)
  25 blink frogs
  Prince Ribbit (D:8)
  24 dream sheep
  A raiju (shapeshifter) (Depths:2)
  20 slime creatures
  4 snapping turtles
  An air elemental (Elf:1)
  Sigmund (D:3)
  A centaur simulacrum (D:14)
  5 redbacks
  A yak (shapeshifter) (Vaults:3)
  3 spriggans
  34 water elementals
  A vampire (Abyss:4)
  2 tarantellas
  A tarantella (shapeshifter) (Depths:5)
  7 wyverns
  6 wraiths
  87 yaks
  2 fire elementals (Elf:3)
  2 hogs (Shoals:4)
  A golden eye (shapeshifter) (Depths:2)
  5 large abominations
  A steam dragon (D:14)
  A hog (shapeshifter) (Depths:5)
  2 fire bats (Volcano)
  5 basilisks
  2 neqoxecs (Abyss:4)
  9 vampire mosquitoes
  4 human simulacra
  4 small abominations
  A chaos spawn (Abyss:4)
  3 swamp worms (Lair:6)
  70 nagas
  3 wargs
  3 soldier ants (Gauntlet)
  A warg (shapeshifter) (Depths:1)
  4 acid dragons
  2 soldier ants (shapeshifter)
  21 water moccasins
  3 hell hounds (Abyss:3)
  47 orc warriors
  Purgy (Sewer)
  2 black bears (shapeshifter)
  A floating eye (Depths:4)
  4 eyes of draining
  2 sky beasts
  A black bear (D:7)
  An ogre (shapeshifter) (Depths:5)
  2 ice beasts (shapeshifter)
  9 boggarts
  4 necrophages
  29 ogres
  14 wolves
  26 centaurs
  3 phantoms
  An elf zombie (D:8)
  18 kobold brigands
  8 earth elementals
  35 bullfrogs
  An ogre simulacrum (Vaults:1)
  A wyvern skeleton (D:7)
  5 scorpions
  19 killer bees
  11 howler monkeys
  19 wights
  3 electric eels (D:14)
  5 crimson imps (Depths:5)
  4 lava snakes (Volcano)
  2 quasits
  10 hounds
  A gnoll shaman (D:10)
  17 orc priests
  5 human zombies
  9 jellies
  5 bullfrog skeletons
  4 centaur skeletons
  Ijyb (D:4)
  Jessica (D:2)
  8 iguanas
  3 human skeletons
  25 orc wizards
  14 worker ants
  A hound skeleton (D:4)
  A hound zombie (D:7)
  A mummy (D:8)
  A worker ant zombie (D:7)
  18 adders
  5 gnolls (D:10)
  2 shadow imps (D:8)
  5 white imps
  5 ufetubi
  An adder zombie (D:8)
  An adder skeleton (D:8)
  2 worms (D:2)
  2 dart slugs (D:1)
  8 leopard geckos
  125 orcs
  9 bats
  6 giant cockroaches
  10 goblins
  8 hobgoblins
  7 jackals
  56 kobolds
  4 quokkas
  3 ball pythons
  7 frilled lizards
  A jackal skeleton (D:7)
  8 kobold skeletons (D:8)
  10 kobold zombies (D:8)
  A leopard gecko zombie (D:6)
  6 rats
  2 bushes
  2 butterflies (Lair:2)
  A plant (Shoals:1)
  3 starspawn tentacles
  A tentacle (Shoals:4)
2417 creatures vanquished.

Vanquished Creatures (collateral kills)
  Mara (Depths:1)
  A tentacled monstrosity (Vaults:5)
  An ironheart preserver (Vaults:5)
  An ettin (Vaults:5)
  A rakshasa (Depths:1)
  A yaktaur captain (Vaults:5)
  2 naga warriors (Snake:4)
  An ironbrand convoker (Vaults:5)
  2 salamanders
  A merfolk siren (Shoals:2)
  3 guardian serpents (Snake:4)
  2 vault sentinels (Vaults:5)
  A water nymph (Shoals:2)
  8 nagas (Snake:4)
26 creatures vanquished.

Vanquished Creatures (others)
  A deep elf sorcerer (Elf:3)
  A necromancer (Depths:2)
  A deep elf zephyrmancer (Elf:1)
  A guardian serpent (Snake:4)
  A water nymph (Shoals:4)
  A dream sheep (Shoals:2)
  A water elemental (Elf:3)
  A human (Shoals:4)
  2 orc warriors
  A leopard gecko (D:10)
  A goblin (D:3)
  34 fungi
  209 plants
  A starspawn tentacle (Abyss:4)
  3 tentacles (Shoals:4)
  4 withered plants (Vaults:3)
263 creatures vanquished.

Grand Total: 2706 creatures vanquished

Notes
Turn   | Place    | Note
-------+----------+-------------------------------------------
     0 | D:1      | BobRoberts the Minotaur Berserker began the quest for the
                  | Orb.
     0 | D:1      | Reached XP level 1. HP: 19/19 MP: 0/0
    86 | D:1      | Reached XP level 2. HP: 25/27 MP: 1/1
   537 | D:1      | You fall into a shaft and drop 1 floor!
   542 | D:2      | Reached XP level 3. HP: 33/33 MP: 2/2
   543 | D:2      | Reached ** piety under Trog
   968 | D:2      | Found a snail-covered altar of Cheibriados.
  1030 | D:2      | Reached XP level 4. HP: 4/39 MP: 3/3
  1036 | D:2      | Reached XP level 5. HP: 11/47 MP: 4/4
  1049 | D:2      | Reached skill level 5 in Fighting
  1049 | D:2      | Reached skill level 5 in Axes
  1218 | D:2      | Noticed Jessica
  1253 | D:2      | Killed Jessica
  1254 | D:2      | Reached XP level 6. HP: 51/56 MP: 5/5
  1493 | D:2      | Found a broken altar of Ashenzari.
  2049 | D:3      | Found a radiant altar of Vehumet.
  2152 | D:3      | Found a stormy altar of Qazlal.
  2204 | D:3      | Noticed Sigmund
  2226 | D:3      | Killed Sigmund
  2335 | D:3      | Found an iron altar of Okawaru.
  2595 | D:4      | Reached *** piety under Trog
  2596 | D:4      | Reached skill level 5 in Armour
  2596 | D:4      | Reached XP level 7. HP: 62/62 MP: 6/6
  2651 | D:4      | Noticed Ijyb
  2663 | D:4      | Killed Ijyb
  2695 | D:4      | Found a staircase to the Ecumenical Temple.
  2895 | D:4      | Reached skill level 5 in Dodging
  3396 | D:5      | Entered Level 5 of the Dungeon
  3546 | D:5      | Identified the +11 rapier of Calculation {holy, rF+}
  3598 | D:5      | Found an opulent altar of Gozag.
  3622 | D:5      | Reached XP level 8. HP: 71/71 MP: 7/7
  3730 | D:5      | Found a basalt altar of Yredelemnul.
  4041 | D:5      | Noticed a +0 hand axe
  4046 | D:5      | Noticed a +0 dagger
  4048 | D:5      | Found a hide-covered altar of Uskayaw.
  4398 | D:6      | Found a burning altar of Makhleb.
  4590 | D:6      | Reached **** piety under Trog
  4592 | D:6      | Found a glowing drain.
  4604 | Sewer    | Entered a sewer
  4626 | Sewer    | Noticed Purgy
  4631 | Sewer    | Killed Purgy
  5486 | D:7      | Reached XP level 9. HP: 81/81 MP: 8/8
  5586 | D:7      | Found a sacrificial altar of Ru.
  5677 | D:7      | Found an ornate altar of the Wu Jian Council.
  5792 | D:7      | Found Toen's Book Shop.
  6064 | D:8      | Reached ***** piety under Trog
  6217 | D:8      | Noticed Prince Ribbit
  6230 | D:8      | Killed Prince Ribbit
  6262 | D:8      | Reached XP level 10. HP: 91/91 MP: 9/9
  6302 | D:8      | Noticed a rust devil
  6320 | D:8      | Found an ancient bone altar of Kikubaaqudgha.
  6660 | D:8      | Found a shimmering altar of Xom.
  6774 | D:8      | Reached skill level 10 in Axes
  6780 | D:8      | Reached skill level 10 in Fighting
  6782 | D:8      | Found an ancient bone altar of Kikubaaqudgha.
  7110 | D:9      | Found Lukikli's Mass Market.
  7146 | D:9      | Found a sparkling altar of Nemelex Xobeh.
  7246 | D:9      | Reached ****** piety under Trog
  7274 | D:9      | Received a gift from Trog
  7374 | D:9      | Reached skill level 10 in Armour
  7611 | D:9      | Reached XP level 11. HP: 100/101 MP: 10/10
  7754 | D:10     | Entered Level 10 of the Dungeon
  7837 | D:10     | Noticed an orc knight
  7866 | D:10     | Killed an orc knight
  7867 | D:10     | Reached skill level 10 in Dodging
  7877 | D:10     | Received a gift from Trog
  8303 | D:10     | Found a staircase to the Orcish Mines.
  9082 | D:11     | Found a staircase to the Lair.
  9169 | D:11     | Noticed a boulder beetle
  9187 | D:11     | Killed a boulder beetle
  9386 | Lair:1   | Entered Level 1 of the Lair of Beasts
  9448 | Lair:1   | Received a gift from Trog
  9449 | Lair:1   | Reached XP level 12. HP: 112/112 MP: 11/11
 10519 | Lair:1   | Noticed Fannar
 10529 | Lair:1   | Killed Fannar
 10996 | Lair:2   | Noticed a four-headed hydra
 11006 | Lair:2   | Killed a one-headed hydra
 11618 | Lair:3   | Reached XP level 13. HP: 122/122 MP: 12/12
 11695 | Lair:3   | Found a staircase to the Snake Pit.
 12107 | Lair:4   | Received a gift from Trog
 12111 | Lair:4   | Identified the +9 rapier "Soass" {elec, +Rage rF- Str+8
                  | Stlth-}
 12236 | Lair:4   | Found a staircase to the Shoals.
 12862 | Lair:5   | Noticed Snorg
 12872 | Lair:5   | Killed Snorg
 12906 | Lair:5   | Found a dark tunnel.
 12913 | Volcano  | Entered a volcano
 13212 | Volcano  | Found a radiant altar of Vehumet.
 13565 | Lair:5   | Reached XP level 14. HP: 110/133 MP: 13/13
 13571 | Lair:5   | Received a gift from Trog
 13812 | Lair:5   | Found a staircase to the Slime Pits.
 14122 | Lair:6   | Entered Level 6 of the Lair of Beasts
 14122 | Lair:6   | Noticed Urug
 14165 | Lair:6   | Killed Urug
 14430 | Lair:6   | Reached skill level 15 in Fighting
 14430 | Lair:6   | Reached skill level 15 in Axes
 14616 | Lair:6   | Noticed Nessos
 14635 | Lair:6   | Killed Nessos
 14636 | Lair:6   | Reached skill level 15 in Armour
 14648 | Lair:6   | Received a gift from Trog
 14745 | Lair:6   | Found a shadowy altar of Dithmenos.
 16785 | D:12     | Identified the +5 executioner's axe of Doenadura {flame,
                  | +Blink MP-9 Str+4 Dex+3} (Trog gifted it to you on level 12
                  | of the Dungeon)
 16785 | D:12     | Received a gift from Trog
 16930 | D:13     | Found a gate leading to a gauntlet.
 16975 | D:13     | Found a flagged portal.
 16986 | Bailey   | Entered a bailey
 17127 | Bailey   | Reached XP level 15. HP: 142/143 MP: 5/14
 17225 | D:13     | Identified a scroll of acquirement
 17227 | D:13     | Acquired the amulet of Jotasaef {Acrobat rElec}
 17298 | Gauntlet | Entered a Gauntlet
 17298 | Gauntlet | Found a transporter.
 17298 | Gauntlet | Found a transporter.
 17298 | Gauntlet | Found a transporter.
 17322 | Gauntlet | Found a transporter.
 17334 | Gauntlet | Found a transporter.
 17335 | Gauntlet | Found a transporter.
 17345 | Gauntlet | Found a transporter.
 17365 | Gauntlet | Found a transporter.
 17380 | Gauntlet | Found a transporter.
 17383 | Gauntlet | Found a transporter.
 17385 | Gauntlet | Found a runed translucent door.
 17387 | Gauntlet | Found a runed translucent door.
 17391 | Gauntlet | Found a transporter.
 17394 | Gauntlet | Found a transporter.
 17542 | Gauntlet | Identified the amulet "Tyjicapt" {RegenMP rElec Dex+2}
 17587 | Gauntlet | Identified the ring "Kuakul" {rN+ Str+2 Dex+2}
 17990 | D:13     | Received a gift from Trog
 18233 | D:13     | Identified the +1 robe "Simih" {Int+4}
 18619 | D:13     | Found a gate to the Vaults.
 18665 | D:13     | Reached skill level 15 in Dodging
 18900 | D:13     | Found a white marble altar of Elyvilon.
 19452 | D:13     | Received a gift from Trog
 20940 | D:15     | Entered Level 15 of the Dungeon
 21068 | D:15     | Found a staircase to the Depths.
 21408 | D:15     | Reached XP level 16. HP: 136/154 MP: 6/15
 21411 | D:15     | Received a gift from Trog
 22559 | Orc:1    | Entered Level 1 of the Orcish Mines
 22715 | Orc:1    | Found Muilasm's Antique Armour Emporium.
 22782 | Orc:2    | Entered Level 2 of the Orcish Mines
 22909 | Orc:2    | Noticed Maurice
 22915 | Orc:2    | Killed Maurice
 22943 | Orc:2    | Found Fud Lur's Book Shoppe.
 22943 | Orc:2    | Found Giarexis's Book Boutique.
 22951 | Orc:2    | Found Bygubim's Armour Shop.
 23123 | Orc:2    | Found Ziluwysm's Armour Emporium.
 23220 | Orc:2    | Found a staircase to the Elven Halls.
 23559 | Orc:2    | Found a shimmering blue altar of Sif Muna.
 23914 | Snake:1  | Entered Level 1 of the Snake Pit
 24275 | Snake:1  | Found Beibeoch's Assorted Antiques.
 24324 | Snake:1  | Found Launyred's Magic Scroll Shoppe.
 24330 | Snake:1  | Bought a moonstone ring for 200 gold pieces
 24330 | Snake:1  | Bought a runed pearl ring for 200 gold pieces
 24376 | Snake:1  | Noticed Josephine
 24380 | Snake:1  | Received a gift from Trog
 24383 | Snake:1  | Killed Josephine
 26043 | Snake:2  | Identified the +4 ring mail "Neytitug" {Str+4}
 26078 | Snake:2  | Identified the +3 hand crossbow of Nuamat {elec, Int+7}
 26199 | Snake:2  | Received a gift from Trog
 26200 | Snake:2  | Reached XP level 17. HP: 163/163 MP: 7/16
 26759 | Snake:3  | Acquired a manual of Axes
 26767 | Snake:3  | Found Ocryt's Jewellery Boutique.
 26767 | Snake:3  | Found Simuk's Book Shoppe.
 26768 | Snake:3  | Found Pil Niv's Book Shoppe.
 26785 | Snake:3  | Bought the ring "Xukoam" {AC+4 Str+4 SInv} for 556 gold
                  | pieces
 27165 | Snake:3  | Noticed Vashnia
 27180 | Snake:3  | Killed Vashnia
 28293 | Snake:4  | Entered Level 4 of the Snake Pit
 28438 | Snake:4  | Identified the +7 great sword of Saxayverch {flame, rElec
                  | rC- Str+7} (Trog gifted it to you on level 4 of the Snake
                  | Pit)
 28438 | Snake:4  | Received a gift from Trog
 29217 | Snake:4  | Received a gift from Trog
 29837 | Snake:4  | Reached XP level 18. HP: 174/174 MP: 8/17
 30186 | Snake:4  | Received a gift from Trog
 30263 | Snake:4  | Got a serpentine rune of Zot
 30738 | Shoals:1 | Entered Level 1 of the Shoals
 31119 | Shoals:1 | You fall into a shaft and drop 1 floor!
 31218 | Shoals:2 | Noticed Jorgrun
 31266 | Shoals:2 | Killed Jorgrun
 31282 | Shoals:2 | Upgraded the game from 0.27-a0-538-g15ff5c5 to
                  | 0.27-a0-541-g8b806e2
 32079 | Shoals:2 | Found Qegaphaa's Jewellery Shop.
 32446 | Shoals:2 | Found Dorim's Jewellery Shop.
 32753 | Shoals:3 | Noticed Ilsuiw
 32782 | Shoals:3 | Killed Ilsuiw
 33778 | Shoals:3 | Reached XP level 19. HP: 167/184 MP: 9/18
 33973 | Shoals:4 | Entered Level 4 of the Shoals
 34054 | Shoals:4 | Identified the +3 leather armour "Foixte" {rF+ SInv}
 34286 | Shoals:4 | Received a gift from Trog
 34358 | Shoals:4 | Noticed Kirke
 34385 | Shoals:4 | Killed Kirke
 35069 | Shoals:4 | Got a barnacled rune of Zot
 36245 | Vaults:1 | Entered Level 1 of the Vaults
 36605 | Vaults:1 | Found Teucer's Armour Shoppe.
 37064 | Vaults:1 | Received a gift from Trog
 37192 | Vaults:1 | Identified the +2 leather armour "Aleubag" {Regen+ rCorr
                  | Int-5}
 37224 | Vaults:1 | Found Afatiar's Antique Armour Emporium.
 37231 | Vaults:1 | Found Rafoud's Armour Emporium.
 37235 | Vaults:1 | Bought a pair of runed boots for 270 gold pieces
 37250 | Vaults:1 | Bought the +0 mask of the Dragon {Will+ Slay+3 SInv} for
                  | 601 gold pieces
 37250 | Vaults:1 | Found the +0 mask of the Dragon {Will+ Slay+3 SInv}
 37281 | Vaults:1 | Found Isoeff's Book Emporium.
 37808 | Vaults:1 | Found Daguseokh's Armour Boutique.
 38208 | Vaults:2 | Found a staircase to the Crypt.
 38208 | Vaults:2 | Found a basalt altar of Yredelemnul.
 38209 | Vaults:2 | Found an ancient bone altar of Kikubaaqudgha.
 38668 | Vaults:2 | Reached XP level 20. HP: 188/195 MP: 10/19
 38691 | Vaults:2 | Received a gift from Trog
 39273 | Vaults:2 | Identified the +2 ring mail "Paduck" {rElec rF++ Int+2
                  | Dex+4}
 39488 | Vaults:3 | Noticed Donald
 39494 | Vaults:3 | Killed Donald
 39619 | Vaults:3 | Noticed Margery
 39640 | Vaults:3 | Killed Margery
 40330 | Vaults:3 | Noticed Mennas
 40365 | Vaults:3 | Killed Mennas
 40911 | Vaults:3 | Received a gift from Trog
 41586 | Vaults:3 | Found a runed translucent gate.
 41586 | Vaults:3 | Found a runed translucent gate.
 41587 | Vaults:3 | Found a runed translucent gate.
 41588 | Vaults:3 | Noticed cpf86's ghost (adept DsWz)
 41588 | Vaults:3 | Noticed Plog's ghost (veteran BaGl)
 41900 | Vaults:4 | Found a large runed translucent door.
 41900 | Vaults:4 | Found a large runed translucent door.
 41900 | Vaults:4 | Found a large runed translucent door.
 41900 | Vaults:4 | Found a large runed translucent door.
 41900 | Vaults:4 | Found a large runed translucent door.
 41900 | Vaults:4 | Found a large runed translucent door.
 41900 | Vaults:4 | Found a large runed translucent door.
 41900 | Vaults:4 | Found a large runed translucent door.
 41900 | Vaults:4 | Noticed Ikhlepiha's ghost (adept TeCj)
 41900 | Vaults:4 | Noticed a dread lich
 42198 | Vaults:4 | Received a gift from Trog
 42383 | Vaults:4 | Reached XP level 21. HP: 206/206 MP: 11/20
 42810 | Vaults:4 | Killed a dread lich
 42817 | Vaults:4 | Killed Ikhlepiha's ghost
 42916 | Vaults:4 | Acquired 440 gold pieces
 43245 | Vaults:5 | Entered Level 5 of the Vaults
 43254 | Vaults:5 | Received a gift from Trog
 43950 | Vaults:5 | Noticed an ancient lich
 43958 | Vaults:5 | Killed an ancient lich
 43965 | Vaults:5 | Identified the +10 glaive "Quchuap" {vorpal, rElec Dex+3}
 43979 | Vaults:5 | Received a gift from Trog
 44002 | Vaults:5 | Reached XP level 22. HP: 177/217 MP: 12/21
 44336 | Vaults:5 | Received a gift from Trog
 44372 | Vaults:5 | Noticed a dread lich
 44392 | Vaults:5 | Killed a dread lich
 44836 | Vaults:5 | Identified the +7 hand axe "Voezeum" {antimagic, Will++}
 44903 | Vaults:5 | Got a silver rune of Zot
 44904 | Vaults:5 | Identified the +2 pair of boots of Tartarus {rN+}
 44995 | Vaults:5 | Identified the +3 chain mail of an ossuary {Rampage rC-
                  | Str-5 Dex+8}
 45355 | Vaults:5 | Identified the +1 plate armour "Koets" {+Blink Str-2 Dex+4
                  | SInv}
 45827 | Elf:1    | Entered Level 1 of the Elven Halls
 45977 | Elf:1    | Identified the +11 broad axe of the Apocalypse {vorpal,
                  | *Rage rN+ Int+3 Dex+2} (Trog gifted it to you on level 1 of
                  | the Elven Halls)
 45977 | Elf:1    | Received a gift from Trog
 46236 | Elf:1    | Identified the +8 rapier "Kale" {distort, Fragile rN++
                  | MP+9}
 46247 | Elf:1    | Found a transporter.
 46423 | Elf:1    | Found a transporter.
 46439 | Elf:1    | Found a one-way gate to the infinite horrors of the Abyss.
 46532 | Elf:1    | Noticed Wihamong's ghost (adept MfBe)
 46995 | Elf:2    | Noticed Louise
 47003 | Elf:2    | Killed Louise
 47186 | Elf:2    | Reached XP level 23. HP: 227/227 MP: 22/22
 47409 | Elf:2    | Received a gift from Trog
 47707 | Elf:2    | Found a runed translucent gate.
 47707 | Elf:2    | Found a runed translucent gate.
 47707 | Elf:2    | Found a runed translucent gate.
 48168 | Elf:3    | Entered Level 3 of the Elven Halls
 48235 | Elf:3    | Received a gift from Trog
 48516 | Elf:3    | Identified Roxanne's Catalogue of Earth
 48516 | Elf:3    | Noticed Roxanne
 48682 | Elf:3    | Killed Roxanne
 48722 | Elf:3    | Cast into level 3 of the Abyss (a deep elf sorcerer)
 48987 | Abyss:4  | Gained mutation: You tend to lose your temper in combat. [a
                  | neqoxec]
 48989 | Abyss:4  | Gained mutation: You occasionally shout uncontrollably at
                  | your foes. [a neqoxec]
 49127 | Abyss:4  | Received a gift from Trog
 49176 | Elf:3    | Escaped the Abyss
 49473 | Elf:3    | Identified the +12 spear "Miotuly" {vorpal, Dex+4}
 49473 | Elf:3    | Identified the +2 robe of the Spider Nest {-Tele rPois rC+
                  | rN+ rCorr}
 49473 | Elf:3    | Identified the ring "Woonug" {Ice rElec Str-5 Int+3}
 49639 | Elf:3    | Identified the ring "Fuschug Yfyxt" {rF+ Will+ SInv}
 49806 | Elf:3    | Identified the +2 shortbow of Debt {freeze, rC- Dex+8}
 49868 | Elf:3    | Identified the +0 leather armour of Gyucac {rC++ Dex+2}
 50262 | Depths:1 | Entered Level 1 of the Depths
 50274 | Depths:1 | Found a gateway to Hell.
 50490 | Depths:1 | Lost mutation: You tend to lose your temper in combat.
                  | [potion of mutation]
 50490 | Depths:1 | Lost mutation: You occasionally shout uncontrollably at
                  | your foes. [potion of mutation]
 50490 | Depths:1 | Gained mutation: Your system is resistant to poisons.
                  | (rPois) [potion of mutation]
 50490 | Depths:1 | Gained mutation: Your spells are a little harder to cast,
                  | but a little more powerful. [potion of mutation]
 50715 | Depths:1 | Noticed a caustic shrike
 50731 | Depths:1 | Killed a caustic shrike
 50732 | Depths:1 | Reached XP level 24. HP: 177/238 MP: 13/22
 50737 | Depths:1 | Received a gift from Trog
 50907 | Depths:1 | Found a one-way gate leading to the halls of Pandemonium.
 50944 | Depths:1 | Noticed Mara
 50949 | Depths:1 | Noticed BobRoberts's illusion
 50960 | Depths:1 | Noticed BobRoberts's illusion
 50980 | Depths:1 | Noticed BobRoberts's illusion
 50986 | Depths:1 | Killed Mara
 51846 | Depths:2 | Found a gateway to a ziggurat.
 52114 | Depths:2 | Received a gift from Trog
 52362 | Depths:2 | You fall into a shaft and drop 1 floor!
 52682 | Depths:2 | Identified the +5 chain mail of Jigsaw {rElec Int+9 Dex-2}
 53508 | Depths:2 | Reached skill level 27 in Axes
 53533 | Depths:2 | Identified the +4 flail "Ogrebane" {freeze, rN+ SInv}
 53890 | Depths:3 | Received a gift from Trog
 54071 | Depths:3 | Reached XP level 25. HP: 147/249 MP: 13/22
 54535 | Depths:3 | Found a runed translucent gate.
 54535 | Depths:3 | Found a runed translucent gate.
 54535 | Depths:3 | Found a runed translucent gate.
 54726 | Depths:3 | Found a runed translucent gate.
 54726 | Depths:3 | Found a runed translucent gate.
 54726 | Depths:3 | Found a runed translucent gate.
 55563 | Depths:3 | Identified the ring "Gyrouh" {Ice +Inv}
 55618 | Depths:3 | Identified the +9 spear of Ankooloq {pain, Str+3}
 55742 | Depths:4 | Paralysed by a floating eye for 4 turns
 56194 | Depths:4 | Identified the +3 mace of Ykkaut {vorpal, *Corrode rF+
                  | Will+}
 56912 | Depths:5 | Entered Level 5 of the Depths
 57773 | Depths:5 | Received a gift from Trog
 57782 | Depths:5 | Found a gate to the Realm of Zot.
 57873 | Depths:5 | Found a runed translucent gate.
 57874 | Depths:5 | Found a runed translucent gate.
 57875 | Depths:5 | Found a runed translucent gate.
 58019 | Depths:5 | Found a runed translucent gate.
 58019 | Depths:5 | Found a runed translucent gate.
 58022 | Depths:5 | Noticed Ruxouz's ghost (veteran DgFi)
 58026 | Depths:5 | Found a runed translucent gate.
 58054 | Depths:5 | Killed Ruxouz's ghost
 58055 | Depths:5 | Reached XP level 26. HP: 193/262 MP: 13/22
 58062 | Depths:5 | Gained mutation: Your body sometimes deteriorates upon
                  | taking damage. [a cacodemon]
 58091 | Depths:5 | Identified the +2 cloak "Ited Ben" {rPois rN+ Dex-2}
 58101 | Depths:5 | Gained mutation: You tend to lose your temper in combat.
                  | [mutagenic glow]
 58127 | Depths:5 | Lost mutation: Your body sometimes deteriorates upon taking
                  | damage. [potion of mutation]
 58127 | Depths:5 | Lost mutation: Your system is resistant to poisons. (rPois)
                  | [potion of mutation]
 58127 | Depths:5 | Gained mutation: Your muscles are strong. (Str +2) [potion
                  | of mutation]
 58127 | Depths:5 | Gained mutation: You are clumsy. (Dex -2) [potion of
                  | mutation]
 58127 | Depths:5 | Gained mutation: You have supernaturally acute eyesight.
                  | (SInv) [potion of mutation]
 58128 | Depths:5 | Lost mutation: You tend to lose your temper in combat.
                  | [potion of mutation]
 58128 | Depths:5 | Lost mutation: You have supernaturally acute eyesight.
                  | (SInv) [potion of mutation]
 58128 | Depths:5 | Gained mutation: Scrolls take you a little longer to read.
                  | [potion of mutation]
 58128 | Depths:5 | Gained mutation: You have sharp toenails. [potion of
                  | mutation]
 58128 | Depths:5 | Gained mutation: You evolve. [potion of mutation]
 58174 | Zot:1    | Entered Level 1 of the Realm of Zot
 59013 | Zot:2    | Received a gift from Trog
 59132 | Zot:2    | Found a runed translucent gate.
 59132 | Zot:2    | Found a runed translucent gate.
 59132 | Zot:2    | Found a runed translucent gate.
 59133 | Zot:2    | Noticed Rehihex's ghost (master TrFi)
 59171 | Zot:2    | Killed Rehihex's ghost
 59193 | Zot:2    | Acquired a +1 crystal plate armour
 59473 | Zot:2    | Identified the Almanac of Battle Magic
 60428 | Zot:3    | Identified the +9 scale mail of Egalitarianism {rPois}
 60934 | Zot:3    | Reached skill level 27 in Fighting
 61100 | Zot:3    | Reached skill level 27 in Armour
 61249 | Zot:4    | Noticed an orb of fire
 61252 | Zot:4    | Gained mutation: You are dopey. (Int -2) [an orb of fire]
 61259 | Zot:4    | HP: 5/265 [shadow dragon (11)]
 61259 | Zot:4    | Mangled by a storm dragon

Illustrated notes

Levels and vault maps discovered:
D:1:      moated_graveyard_arrival, layout_basic, serial_forest,
          infiniplex_forest_straight_5, infiniplex_forest_lined_2,
          infiniplex_forest_lined_room_2, infiniplex_forest_end_double,
          infiniplex_forest_clump_small, infiniplex_forest_clump_double
D:2:      layout_basic, marbit_many_paths, ashenzari_conservatory_becter,
          serial_forest, infiniplex_forest_clump_curved,
          infiniplex_forest_end_2, infiniplex_forest_clump_diagonal,
          infiniplex_forest_clump_small, infiniplex_forest_lined_room_2,
          infiniplex_forest_straight_2, infiniplex_forest_end_2,
          grunt_ministairs_15, uniq_jessica
D:3:      layout_rooms, fiery_altar_vehumet, lemuel_coloured_pillars_altar,
          grunt_qazlal_clouds, uniq_sigmund
D:4:      layout_gridville, temple_fountains, uniq_ijyb
D:5:      layout_basic, lemuel_doored_altar, dancing_weapons_uskayaw,
          kennysheep_mini_moat
D:6:      layout_basic, general_overflow_altar, gup_sewer_entry_pipe
D:7:      layout_cave_pools, nicolae_ru_great_annihilating_truth,
          kennysheep_mini, serial_shops, shop_fountains,
          kennysheep_generic_room_16
D:8:      wander_kiku_kobolds, layout_loops_cross, xom_teletrap_fun,
          lemuel_mausoleum_altar_kikubaaqudgha, grunt_ministairs_14,
          uniq_prince_ribbit1
D:9:      layout_roguey, nicolae_overflow_hidden_temple, special_room
          [special_room_kobold], minmay_shop_mass
D:10:     layout_roguey, david_orc_5, minmay_checkerbox
D:11:     minmay_stone_box, layout_basic, lair_entry_dummy
D:12:     layout_grid_maze, serial_bayou_pond_c
D:13:     nzn_winding_woodlands_medium [nzn_winding_woodlands_5x5_cross,
          nzn_winding_woodlands_5x15_pool, nzn_winding_woodlands_5x5_three,
          nzn_winding_woodlands_5x5_closed_star,
          nzn_winding_woodlands_center_triple_pond,
          nzn_winding_woodlands_5x5_perimeter,
          nzn_winding_woodlands_5x5_default,
          nzn_winding_woodlands_5x15_split_checker,
          nzn_winding_woodlands_5x5_open_star], layout_basic,
          grunt_vaults_entry_fortified, enter_bailey_6, gauntlet_entry_generic,
          corexii_corridor_pit, elyvilon_altar_1
D:14:     layout_basic, serial_aquarium, aquarium_bridge_long_joined
          [aquarium_subvault_balcony, aquarium_subvault_bridge,
          aquarium_subvault_window, aquarium_subvault_bridge,
          aquarium_subvault_bridge, aquarium_subvault_balcony],
          aquarium_bridge_square [aquarium_subvault_bridge,
          aquarium_subvault_bridge, aquarium_subvault_wall,
          aquarium_subvault_balcony], aquarium_window_fake,
          aquarium_window_corridor_1, aquarium_window_corner, aquarium_view_2e,
          aquarium_view_2g, minmay_misc_feat_encased
D:15:     gammafunk_enter_depths_forms, layout_loops_ring
Lair:1:   layout_layer_cave, chequers_serial_rivers_room_a,
          grunt_forest_large_clearing_hut, uniq_fannar
Lair:2:   layout_regular_city, lemuel_fruit_fields
Lair:3:   layout_layer_cave, guppyfry_snake_entry_garden, grunt_megastairs_3
Lair:4:   layout_loops_ring, minmay_shoals_entry_centaurs,
          infiniplex_staircase_pool, minmay_lair_oklob_chamber
Lair:5:   layout_misc_corridors, minmay_slime_entry_pillars,
          nicolae_volcano_entry_vermiform, grunt_megastairs_2, uniq_snorg
Lair:6:   minmay_lair_end_frog_pond, layout_cave_pods, basic_altar,
          worms_lemuel, serial_bayou_shore_b, uniq_nessos, uniq_urug
Shoals:1: layout_shoals, nicolae_shoals_so_close
Shoals:2: layout_shoals, minmay_shop_enchanted_jewellery,
          nicolae_shoals_circle_sea_wall, nicolae_shoals_c_island, uniq_jorgrun
Shoals:3: layout_shoals, uniq_ilsuiw
Shoals:4: shoals_end_grunt_ice, layout_shoals, uniq_kirke
Snake:1:  kennysheep_snake, layout_concentric_octagons, minmay_shoptagon,
          uniq_josephine
Snake:2:  layout_gridlike, guppyfry_library_mini
Snake:3:  layout_chambers, lemuel_fruit_tree, grunt_megastairs_1,
          minmay_shop_grove, uniq_vashnia
Snake:4:  grunt_snake_rune_spirals, layout_concentric_octagons
Orc:1:    layout_caves, serial_shops, nicolae_shop_trees
Orc:2:    st_orc_rangers, layout_diamond_mine, led_sif_book, uniq_maurice
Elf:1:    layout_loops_corners, gammafunk_ghost_abyssal_escape,
          hangedman_elf_represent
Elf:2:    layout_onion_city, uniq_louise
Elf:3:    minmay_elf_hall_dome, layout_loops_cross, drop_trap,
          serial_sigils_hangedman_writhe, uniq_roxanne
Vaults:1: ontoclasm_vaults_pinch, hangedman_vaults_stagger, st_octagons_1,
          hangedman_vaults_unwind, v_pattern_5, hangedman_vaults_capsules,
          vaults_dpeg_ring, hangedman_vaults_trim,
          nicolae_vaults_little_squares_3, ontoclasm_vaults_gateway,
          nicolae_vaults_ring_of_whatevers, ontoclasm_vaults_shuriken,
          layout_vaults_omnicross, serial_shops, shop, shop, shop, shop,
          shop_fountains
Vaults:2: vaults_mumra_hex, hangedman_vaults_slice, nicolae_vaults_network_s,
          nicolae_vaults_little_squares_6, nicolae_vaults_angled_halls,
          vaults_room_semicircle, vaults_dpeg_spiral, nicolae_vaults_rhombus_6,
          v_alt_pattern_1, hangedman_vaults_nails,
          minmay_crypt_entry_necro_gods, vaults_room_pools,
          vaults_mumra_chevron, nicolae_vaults_border_crossing,
          layout_vaults_maze_bifur
Vaults:3: gammafunk_vaults_ghost_cemetery, dpeg_vaults_monster_box,
          nicolae_vaults_murderbox, nicolae_vaults_ninety_degrees,
          ontoclasm_vaults_twist, nicolae_vaults_windows_and_doors_thing,
          vaults_standard_mumra_x, nicolae_vaults_twisting_passages,
          nicolae_vaults_alarming, vaults_room_large_hall,
          layout_vaults_big_room, uniq_mennas, uniq_margery, uniq_donald
Vaults:4: advil_vaults_ghost_lines, nicolae_vaults_angled_halls,
          ontoclasm_vaults_ring_large, v_misc_24, hangedman_vaults_slither,
          v_misc_5, ontoclasm_vaults_misaligned, v_misc_10,
          hangedman_vaults_trim, v_misc_5, hangedman_vaults_maws,
          ontoclasm_vaults_ligature, st_cells, vaults_room_semicircle,
          layout_vaults_omnibox
Vaults:5
Depths:1: hangedman_arch_fort, layout_gridlike, serial_bayou_shore_b,
          abyss_entry, hell_entry, pan_entry, grunt_decor_mini_mirrors,
          uniq_mara
Depths:2: hangedman_pleasuredromes, pan_entry, abyss_entry, hell_entry
Depths:3: kennysheep_treasure_stockpile, layout_cave_pools, pan_entry,
          lightli_too_deep, infiniplex_staircase_trident
Depths:4: minmay_ambush_box, layout_twisted_cross, abyss_entry, hell_entry,
          hex_tiny, minmay_misc_feat_chi, minmay_staircase_bubble,
          firewood_loft, serial_bayou_shore_a, grunt_megastairs_5,
          serial_bayou_shore_b
Depths:5: grunt_zot_entry_alcove, layout_small_grid, hellmouth_3,
          ploomutoo_gammafunk_ghost_potion_laboratory
Zot:1:    layout_cathedral_of_symmetry
Zot:2:    layout_basic, gammafunk_ghost_split
Zot:3:    layout_basic
Zot:4:    layout_onion_interference

Skill      XL: |  1  2  3  4  5  6  7  8  9 10 11 12 13 14 15 16 17 18 19 20 21 22 23 24 25 26 |
---------------+-------------------------------------------------------------------------------+-----
Fighting       | 4 5 6 8 9 10 12 13 14 15 16 17 18 19 20 21 22 23 24 25 26 27 | 27.0
Axes           | 4 5 6 8 9 10 12 13 14 15 16 18 19 21 22 23 24 25 27 | 27.0
Armour         | 3 4 5 6 7 9 10 11 13 14 15 16 17 18 19 20 21 22 23 24 25 26 27 | 27.0
Dodging        | 3 4 5 6 8 9 10 12 13 14 15 16 17 18 19 20 21 22 23 24 25 | 25.4

Action                   |  1- 3 |  4- 6 |  7- 9 | 10-12 | 13-15 | 16-18 | 19-21 | 22-24 | 25-27 || total
-------------------------+-------+-------+-------+-------+-------+-------+-------+-------+-------++-------
Melee: Hand axe          |    59 |   115 |    74 |       |       |       |       |       |       ||   248
       Headbutt          |    15 |    36 |    68 |   142 |   236 |   267 |   249 |   317 |   178 ||  1508
       War axe           |       |       |   188 |       |    13 |       |       |       |       ||   201
       Battleaxe         |       |       |    69 |   607 |   514 |       |       |       |       ||  1190
       Scimitar          |       |       |       |     8 |       |       |       |       |       ||     8
       Executioner's axe |       |       |       |       |   344 |  1021 |   853 |   624 |   532 ||  3374
       Broad axe         |       |       |       |       |       |       |       |   381 |       ||   381
Invok: Trog's Hand       |     1 |     1 |     4 |     5 |    14 |    27 |    17 |    14 |     9 ||    92
       Berserk           |     1 |       |       |     3 |     5 |     2 |       |     1 |     2 ||    14
       Brothers in Arms  |       |       |       |       |       |     6 |       |     4 |     2 ||    12
 Abil: Evoke Blink       |       |       |       |       |       |     2 |       |       |     1 ||     3
Evoke: Wand              |       |       |       |       |     1 |       |     4 |       |       ||     5
  Use: Scroll            |     2 |     5 |    10 |     8 |     9 |    10 |     3 |     4 |     3 ||    54
       Potion            |       |       |       |       |     2 |     1 |     2 |     1 |     7 ||    13
 Stab: Paralysed         |       |       |     1 |       |       |       |       |       |       ||     1
Armor: Animal skin       |     9 |       |       |       |       |       |       |       |       ||     9
       Scale mail        |     3 |       |       |       |       |       |       |       |       ||     3
       Ring mail         |     6 |    37 |   195 |   287 |   219 |       |       |       |       ||   744
       Plate armour      |       |       |       |       |   124 |   477 |   445 |   394 |   291 ||  1731
Dodge: Dodged            |    40 |    55 |   247 |   504 |   818 |  1326 |   978 |   941 |   610 ||  5519
       Repelled          |       |       |       |       |    10 |    72 |    10 |    20 |    20 ||   132
       Rpst.: Scimitar   |       |       |       |     1 |       |       |       |       |       ||     1

Table legend: (Time is in decaauts)
 A = Elapsed time spent in this place.
 B = Non-inter-level travel time spent in this place.
 C = Inter-level travel time spent in this place.
 D = Time resting spent in this place.
 E = Time spent auto-exploring this place.
 F = Levels seen in this place.
 G = Mean time per level.
                   A        B        C        D        E       F      G
               +--------+--------+--------+--------+--------+-----+--------+
         Total |  61933 |  57931 |   4002 |   4710 |  38928 |  54 | 1146.9 |
       Dungeon |  16041 |  14712 |   1329 |    491 |  11039 |  15 | 1069.4 |
          Lair |   6410 |   5771 |    639 |    392 |   3983 |   6 | 1068.3 |
        Shoals |   5717 |   5474 |    243 |    343 |   3474 |   4 | 1429.2 |
     Snake Pit |   6847 |   6082 |    765 |    461 |   4093 |   4 | 1711.8 |
  Orcish Mines |   1385 |   1184 |    201 |      0 |    926 |   2 |  692.5 |
   Elven Halls |   3722 |   3468 |    254 |    160 |   2243 |   3 | 1240.7 |
        Vaults |   9292 |   8982 |    310 |   1857 |   5126 |   5 | 1858.4 |
        Depths |   7723 |   7540 |    183 |    960 |   4689 |   5 | 1544.6 |
           Zot |   3050 |   2973 |     77 |      0 |   2641 |   4 |  762.5 |
         Abyss |    461 |    461 |      0 |      0 |    249 |   2 |  230.5 |
         Sewer |    146 |    146 |      0 |      0 |    104 |   1 |  146.0 |
        Bailey |    243 |    243 |      0 |      0 |    116 |   1 |  243.0 |
       Volcano |    489 |    489 |      0 |     45 |    165 |   1 |  489.0 |
      Gauntlet |    401 |    401 |      0 |      0 |     78 |   1 |  401.0 |
               +--------+--------+--------+--------+--------+-----+--------+

Top non-repeatable levels by time:
    D:13: 2589 daAuts
 Snake:4: 2355 daAuts
Vaults:3: 2267 daAuts
Depths:3: 2266 daAuts
Vaults:4: 2193 daAuts
Shoals:4: 2155 daAuts
 Snake:1: 1948 daAuts
Depths:2: 1948 daAuts
Vaults:1: 1858 daAuts
  Lair:6: 1617 daAuts
Vaults:5: 1587 daAuts
 Snake:3: 1585 daAuts
    D:15: 1534 daAuts
Depths:1: 1494 daAuts
Shoals:3: 1445 daAuts
